 Dungeon Crawl Stone Soup version 0.13-a0-2979-gb6a86b3 (webtiles) character file.

77 4tharraofdagon the Insei (level 2, -4/22 HPs)
             Began as a Demonspawn Monk on Sept 8, 2013.
             Slain by a gnoll
             ... wielding a +0,+1 flail
              (12 damage)
             ... on Level 5 of the Dungeon.
             The game lasted 00:02:45 (952 turns).

4tharraofdagon the Insei (Demonspawn Monk)           Turns: 952, Time: 00:02:45

HP  -4/22        AC -1     Str 11      XL: 2   Next: 24%
MP   1/1         EV 13     Int 14      God:
Gold 64          SH  0     Dex 18      Spells:  0 memorised,  1 level left

Res.Fire  : . . .   See Invis. : .   c - +0 rod of destruction (9/14)
Res.Cold  : . . .   Warding    : .   n - -4 robe "Extiug" {Dex+3 Int+3}
Life Prot.: . . .   Conserve   : .   (no shield)
Res.Poison: .       Res.Corr.  : .   (no helmet)
Res.Elec. : .       Clarity    : .   (no cloak)
Sust.Abil.: . .     Spirit.Shd : .   e - +0 pair of orc gloves
Res.Mut.  : .       Stasis     : .   (no boots)
Res.Rott. : .       Flight     : .   (no amulet)
Saprovore : . . .                    (no ring)
                                     (no ring)

@: not resistant to hostile enchantments, fairly stealthy
A: claws 1
a: no special abilities


You were on level 5 of the Dungeon.
You were not hungry.

You visited 1 branch of the dungeon, and saw 5 of its levels.

You collected 64 gold pieces.

Inventory:

Armour
 a - a +0 robe
 e - a +0 pair of orcish gloves (worn)
 n - the cursed -4 robe "Extiug" (worn) {Dex+3 Int+3}
   (You found it on level 4 of the Dungeon)

   It affects your intelligence (+3).
   It affects your dexterity (+3).
   It has a curse placed upon it.
Magical devices
 g - a wand of fireball (3) {unknown}
Comestibles
 b - 2 bread rations
 f - an apple
 i - a meat ration
Potions
 h - a potion of curing {unknown}
 k - a potion of berserk rage
 l - a potion of magic {unknown}
 m - a potion of slowing
Rods
 c - a +0 rod of destruction (9/14) (weapon)
   (You found it on level 5 of the Dungeon)


   Skills:
 + Level 3.2 Fighting
 - Level 2.6 Dodging
 - Level 1.7 Stealth
 * Level 4.0 Unarmed Combat


You had one spell level left.
You didn't know any spells.

Dungeon Overview and Level Annotations

Branches:
Dungeon (5/27)
 Temple: D:4-7

Altars:
Yredelemnul

Portals:
Sewer: D:4

Annotations:
D:4 Sigmund


Innate Abilities, Weirdness & Mutations

You have sharp fingernails.


Message History

You see here a scroll labeled TITHRU GIEBON.
d - a scroll labeled TITHRU GIEBON Read which item? (? for menu, Esc to quit)
As you read the scroll labeled TITHRU GIEBON, it crumbles to dust.
Your hands very briefly gain a green sheen.
It was a scroll of enchant weapon I.
The gnoll hits you with a flail! The gnoll completely misses you.
Wield which item (- for none, * to show all)? (? for menu, Esc to quit)
c - a +0 rod of destruction (14/14) (weapon)
The gnoll hits you with a flail.
Evoke which spell from the rod ([a-c] spell [?*] list)?
Aiming: Fireball
Press: ? - help, Shift-Dir - straight line The fireball explodes!
The fireball engulfs the gnoll.
The gnoll is severely wounded.
The fireball engulfs the gnoll.
The gnoll is heavily wounded.
The gnoll hits you with a flail!
Ouch! That really hurt!
You die...

.... #...# . #...# .!. #...#
..... #...#
.....########...########...
..................<........
#.........g........#+####...
#..>.....gg@.......#
#..................#
.......#########..# ####...
#..# #... #..# #... #...
#... #.... #..$ #..... .
#.....#


You could see 3 gnolls.

Vanquished Creatures
  3 bats
  2 goblins
  A hobgoblin (D:3)
  2 ball pythons (D:3)
  A giant gecko (D:3)
  2 giant newts (D:1)
  A kobold (D:3)
  3 rats
15 creatures vanquished.

Notes
Turn   | Place    | Note
--------------------------------------------------------------
     0 | D:1      | 4tharraofdagon, the Demonspawn Monk, began the quest for the Orb.
     0 | D:1      | Reached XP level 1. HP: 16/16 MP: 0/0
   401 | D:3      | Gained mutation: You have sharp fingernails. [demonic ancestry]
   401 | D:3      | Reached XP level 2. HP: 13/22 MP: 1/1
   698 | D:3      | Reached skill level 4 in Unarmed Combat
   720 | D:3      | Found a basalt altar of Yredelemnul.
   825 | D:4      | Noticed Sigmund
   896 | D:4      | Got a twisted robe
   902 | D:4      | Identified the cursed -4 robe "Extiug" {Dex+3 Int+3} (You found it on level 4 of the Dungeon)
   917 | D:4      | Found a glowing drain.
   926 | D:5      | Entered Level 5 of the Dungeon
   934 | D:5      | Identified a +0 rod of destruction (14/14) (You found it on level 5 of the Dungeon)
   952 | D:5      | Slain by a gnoll

Action                   || total
-------------------------++-------
Melee: Unarmed           ||    50
Evoke: Rod               ||     1
  Use: Scroll            ||     5
       Potion            ||     1
 Stab: Sleeping          ||     1
